 Dungeon Crawl Stone Soup version 0.27.1-33-g824d729ab1 (webtiles) character file.

Game seed: 15681648670538489982

5 Descartes the Sneak (level 1, 0/9 HPs)
             Began as a Felid Wanderer on Nov 29, 2021.
             Slain by a kobold (6 damage)
             ... on level 1 of the Dungeon.
             The game lasted 00:01:11 (246 turns).

Descartes the Sneak (Felid Wanderer)                 Turns: 246, Time: 00:01:11

Health: 0/9        AC:  1    Str:  9    XL:     1   Next: 66%
Magic:  2/2        EV: 16    Int: 12    God:
Gold:   26         SH:  0    Dex: 15    Spells: 0/0 levels left
                                        Lives:  0   Deaths: 0

rFire    . . .     SeeInvis +     - Unarmed
rCold    . . .     Faith    .   (shield unavailable)
rNeg     . . .     Spirit   .   (armour unavailable)
rPois    .         Reflect  .   (helmet unavailable)
rElec    .         Harm     .   (cloak unavailable)
rCorr    .         Rampage  .   (gloves unavailable)
Will     .....                  (boots unavailable)
Stlth    ++++......             (no amulet)
HPRegen  0.03/turn              (no ring)
MPRegen  0.08/turn              (no ring)

@: quick
A: very small, claws 1, fangs 3, see invisible, speed 1, shaggy fur 1, stealthy
paws, no weapons or thrown items, no armour, multi-lived
a: no special abilities


You were on level 1 of the Dungeon.
You visited 1 branch of the dungeon, and saw 1 of its levels.

You collected 26 gold pieces.

Inventory:

Potions
 a - a potion of berserk rage
 b - 2 potions of lignification


   Skills:
 - Level 2.0 Fighting
 + Level 2.0 Dodging
 - Level 7.9 Stealth
 + Level 1.4 Unarmed Combat


You couldn't memorise any spells.
You didn't know any spells.
Your spell library was empty.

Dungeon Overview and Level Annotations

Branches:
Dungeon (1/15)

Altars:


Innate Abilities, Weirdness & Mutations

You have sharp claws.
You have razor-sharp teeth.
You have supernaturally acute eyesight. (SInv)
You cover ground quickly. (Speed+)
You are covered in fur. (AC +1)
Your paws help you pounce on unaware monsters.
You are incapable of wielding weapons or throwing items.
You cannot wear armour.
You gain extra lives every three experience levels.


Message History

You mangle the frilled lizard!!
You kill the frilled lizard!
No target in view!
No target in view!
No target in view!
No target in view!
No target in view!
No target in view!
No target in view!
No target in view!
No target in view!
No target in view!
A kobold comes into view. It is wielding a +0 whip.
Found a scroll labelled XULUS SEMYGETACVU.
A rat comes into view.
Found a murky cyan potion.
The kobold shouts!
The kobold throws a stone.
The stone barely misses you.
A kobold comes into view. It is wielding a +0 dagger.
Found a scroll labelled VUSILU XEOPRO ZEK.
A rat comes into view.
The kobold shouts!
You scratch the bat.
The bat is moderately wounded.
You hear an angry hiss. x2
The bat closely misses you.
A ball python comes into view.
You closely miss the bat.
The bat is moderately wounded.
The bat hits you. x2
A frilled lizard comes into view.
The rat bites you. The kobold barely misses you.
You scratch the bat.
You kill the bat!
The rat misses you. The kobold barely misses you.
Your Dodging skill increases to level 2!
You scratch the rat but do no damage. The rat misses you.
The kobold hits you with a +0 whip.
Ouch! That really hurt!
You die...

. ##..#.# ##. #.....
#.....# ....###.#..#
#..####
##..#..l...### ##..#
......?r.....####...#
#.........##.#....#.#
#....S....##...####.#
#.....KrK.#......##.#
#.....†@..#.####..#.#
#...........# ##.#.##
#...!.....#.#
#....###
#.#..######.##
###..... # #.#
####..#### #.###. ?..
#........# #.# #. #..
#...######.###.###.
#.
...########.##...##.
.. ................


You could see a ball python, 2 kobolds, a frilled lizard and 2 rats.

Vanquished Creatures
  2 bats (D:1)
  A giant cockroach (D:1)
  2 frilled lizards (D:1)
  A rat (D:1)
6 creatures vanquished.

Notes
Turn   | Place    | Note
-------+----------+-------------------------------------------
     0 | D:1      | Descartes the Felid Wanderer began the quest for the Orb.
     0 | D:1      | Descartes set off with the following items: a potion of
                  | berserk rage, 2 potions of lignification
     0 | D:1      | Reached XP level 1. HP: 9/9 MP: 2/2
   246 | D:1      | Slain by a kobold

Illustrated notes

Levels and vault maps discovered:
D:1:      lightli_arrival_chessboard, layout_rooms

Skill      XL: |  1 |
---------------+----+-----
Dodging        | 2 |  2.0
Fighting       | |  2.0
Stealth        | |  7.9
Unarmed Combat | |  1.4

Action                   || total
-------------------------++-------
Melee: Unarmed           ||    13
 Stab: Sleeping          ||     2
Dodge: Dodged            ||    14
